 Dungeon Crawl Stone Soup version 0.31.0-32-g396128a36d (webtiles) character file.

Game seed: 2051136154122680651

7384 tizbic2 the Blocker (level 11, 0/82 (84) HPs)
             Began as a Formicid Fighter on Apr 13, 2024.
             Was an Elder of Ru.
             Slain by a nameless horror (11 damage)
             ... created by miscasting Summon Mana Viper
             ... on level 10 of the Dungeon.
             The game lasted 00:43:46 (8919 turns).

tizbic2 the Blocker (Formicid Fighter)              Turns: 8919, Time: 00:43:47

HP:   0/82 (84)     AC:  9    Str: 22    XL:     11   Next: 36%
MP:   0/23          EV: 10    Int: 11    God:    Ru [****..]
Gold: 1117          SH:  7    Dex: 19    Spells: 11/26 levels left

rFire   . . .        r - +6 short sword (drain)
rCold   . . .        c - +0 buckler
rNeg    . . .        f - +3 leather armour
rPois   .            (helmet unavailable)
rElec   .            (no cloak)
rCorr   .            (no gloves)
SInv    +            m - +2 pair of boots
Will    +....        A - amulet of guardian spirit Stlth
                     w - ring of wizardry
HPRegen 0.33/turn    u - +6 ring of dexterity
MPRegen 0.18/turn

%: guardian spirit, wizardry (x1)
@: lethally poisoned (0 -> -24), very slightly contaminated, lightly drained
A: permanent stasis, dig shafts and tunnels, antennae 3, no stealth, inability
to use devices, no air magic, no conjurations magic, no alchemy magic, four
strong arms
a: Dig, Shaft Self, Renounce Religion, Draw Out Power, Power Leap


You were on level 10 of the Dungeon.
You worshipped Ru.
Ru was greatly pleased with you.
You visited 2 branches of the dungeon, and saw 11 of its levels.
You also visited: Sewer and Ossuary.

You collected 1117 gold pieces.

Inventory:

Hand Weapons
 q - a +2 antimagic spear
 r - a +6 short sword of draining (weapon)
 s - a +3 great sword of freezing
 I - a +2 glaive of freezing
 J - a +0 spear of pain
 L - a +0 battleaxe
Missiles
 d - 11 boomerangs
 j - 43 poisoned darts
 y - 2 throwing nets
 N - a curare-tipped dart
Armour
 c - a +0 buckler (worn)
 f - a +3 leather armour (worn)
 m - a +2 pair of boots (worn)
 n - a +0 pair of boots of rampaging
 M - a +0 plate armour
Jewellery
 l - a ring of ice
 t - a ring of ice
 u - a +6 ring of dexterity (right hand)
 w - a ring of wizardry (left hand)
 x - a ring of protection from fire
 A - an amulet of guardian spirit (around neck)
Scrolls
 a - a scroll of amnesia {unknown}
 h - 2 scrolls of torment {unknown}
 B - a scroll of fog {unknown}
 C - 3 scrolls of noise {unknown}
 D - 5 scrolls of enchant armour
 F - 2 scrolls of immolation
 H - a scroll of enchant weapon {unknown}
 K - 2 scrolls of poison {unknown}
Potions
 b - 3 potions of lignification
 e - a potion of ambrosia
 g - 3 potions of heal wounds
 i - a potion of might
 k - 2 potions of berserk rage {unknown}
 o - a potion of cancellation {unknown}
 v - 2 potions of attraction
 z - 2 potions of degeneration {unknown}
 E - 4 potions of resistance
 G - 3 potions of curing {unknown}


   Skills:
 + Level 7.5 Fighting
 - Level 1.1 Long Blades
 - Level 2.5(3.8) Polearms
 - Level 4.3(4.7) Staves
 - Level 3.4 Throwing
 + Level 3.8 Armour
 + Level 9.3 Shields
 * Level 8.2 Spellcasting
 - Level 6.4 Hexes
 * Level 7.9 Summonings


You had 11 spell levels left.
You knew the following spells:

 Your Spells              Type           Power      Damage    Failure   Level
a - Call Imp              Summ           44%        N/A       1%          2
b - Ensorcelled Hibernat  Hex/Ice        22%        N/A       3%          2
c - Summon Mana Viper     Hex/Summ       20%        N/A       12%         5
d - Summon Cactus Giant   Summ           11%        N/A       41%         6

Your spell library contained the following spells:

 Spells                   Type           Power      Damage    Failure   Level
 Slow                     Hex            72%        N/A       1%          1
 Confusing Touch          Hex            18%        N/A       1%          3
 Sigil of Binding         Hex            18%        N/A       1%          3
 Tukima's Dance           Hex            18%        N/A       1%          3
 Dimensional Bullseye     Hex/Tloc       5%         N/A       21%         4
 Ozocubu's Armour         Ice            4%         N/A       24%         3
 Passwall                 Erth           4%         N/A       24%         3
 Vampiric Draining        Necr           4%         2d6       24%         3
 Summon Forest            Summ/Tloc      6%         N/A       38%         5
 Metabolic Englaciation   Hex/Ice        5%         N/A       50%         5
 Passage of Golubria      Tloc           4%         N/A       58%         4
 Magic Dart               Conj           Unusable   1d3       N/A         1
 Blink                    Tloc           Unusable   N/A       N/A         2
 Searing Ray              Conj           Unusable   2d4       N/A         2
 Swiftness                Air            Unusable   N/A       N/A         3
 Yara's Violent Unravell  Hex/Alch       Unusable   3d4       N/A         5
 Fulminant Prism          Conj/Alch      Unusable   3d5       N/A         4
 Iskenderun's Mystic Bla  Conj/Tloc      Unusable   2d3       N/A         4
 Sculpt Simulacrum        Ice/Alch       Unusable   N/A       N/A         6

Dungeon Overview and Level Annotations

Branches:
Dungeon (10/15)            Temple (1/1) D:4            Lair (0/5) D:9
  Sewer (visited)         Ossuary (visited)
    Orc: D:9-12

Altars:
Ashenzari
Cheibriados
Dithmenos
Elyvilon
Fedhas
Gozag
Hepliaklqana
Kikubaaqudgha
Makhleb
Nemelex Xobeh
Okawaru
Qazlal
Ru
Trog
Uskayaw
Vehumet
Wu Jian
Xom
Yredelemnul
Zin
The Shining One

Shops:
D:7 :


Innate Abilities, Weirdness & Mutations

You cannot be hasted, slowed, berserked, paralysed or teleported.
You can dig through walls and to a lower floor.
You have a pair of large antennae on your head. (SInv)
You cannot be stealthy.
You cannot study or use magical devices.
You cannot study or cast Air magic.
You cannot study or cast Conjurations magic.
You cannot study or cast Alchemy magic.
Your four strong arms can wield two-handed weapons with a shield.


Message History

The killer bee stings you.
You are more poisoned.
The killer bee poisons you! The killer bee barely misses you. x2
The killer bee stings you.
You are more poisoned.
The killer bee poisons you!
You feel very sick.
The nameless horror is no longer blind.
The killer bee stings you but does no damage.
The killer bee barely misses you. The killer bee misses you.
The killer bee stings you. The nameless horror closely misses you.
You extend your mandibles.
You dig through the rock wall.
You feel drained.
You feel very sick. The killer bee barely misses you.
The killer bee stings you.
The nameless horror hits you but does no damage.
You feel much better.
You feel very sick.
The killer bee stings you but does no damage. x2
The killer bee barely misses you. The nameless horror hits you.
You feel your power leaking away. You block the killer bee's attack.
You retract your mandibles.
You puncture the nameless horror!
The nameless horror is almost destroyed.
You feel very sick. The killer bee stings you.
You are more poisoned.
The killer bee poisons you! The killer bee closely misses you.
The killer bee stings you.
You are more poisoned.
The killer bee poisons you! The killer bee stings you.
You are lethally poisoned!
The killer bee poisons you! The nameless horror hits you!
* * * LOW HITPOINT WARNING * * *
You feel your power leaking away.
* * * LOW HITPOINT WARNING * * *
You feel extremely sick.
The nameless horror attacks as it pursues you!
The nameless horror hits you!
You die...

#...# .# #..
#...## ... #..
###....
...#..##.....#
#.#../......#
,.#
...........##..#
#...#.........#
#...#..........
#..@#..........
#..yXy..#..#..#
#...#.........#
#...#..........
#...##..#..#.##
#...#..........
#...#......#...
#...#.####.###
#...#.# #.#


You could see a nameless horror and 2 killer bees.

Vanquished Creatures
  Harold (D:9)
  A boulder beetle (D:9)
  Lodul (D:10)
  2 yaks (D:8)
  A wyvern (D:9)
  4 water moccasins
  An orc warrior (D:8)
  A sky beast (D:7)
  2 black bears
  An ice beast (D:7)
  3 ogres
  A phantom (D:5)
  A centaur (D:9)
  2 elf zombies (Ossuary)
  4 kobold brigands
  4 bullfrogs
  3 scorpions
  6 wights
  6 killer bees (D:8)
  5 howler monkeys
  2 bombardier beetles
  A centaur zombie (Ossuary)
  A human zombie (Ossuary)
  A hound (D:4)
  2 jellies
  7 orc priests
  3 iguanas
  3 sleepcaps
  7 orc wizards
  A hound zombie (Ossuary)
  2 mummies (Ossuary)
  14 gnolls
  12 adders
  2 river rats (Sewer)
  A shadow imp (D:8)
  2 white imps
  4 adder zombies (Ossuary)
  3 ribbon worms
  2 dart slugs
  30 orcs
  13 ball pythons
  A bat (D:2)
  7 endoplasms
  3 giant cockroaches
  3 gnoll zombies (Ossuary)
  15 goblins
  10 hobgoblins
  4 quokkas
  A frilled lizard (D:1)
  2 jackal zombies (Ossuary)
  21 kobolds
  6 kobold zombies (Ossuary)
  6 orc zombies (Ossuary)
  6 rats
  A spectral hobgoblin (D:1)
249 creatures vanquished.

Vanquished Creatures (collateral kills)
  2 orc warriors (D:9)
  8 ogres (D:10)
  An elf zombie (Ossuary)
  A wight (D:7)
  3 howler monkeys
  A centaur zombie (Ossuary)
  An orc priest (D:9)
  2 orc wizards (D:9)
  A hound zombie (Ossuary)
  6 orcs
  2 gnoll zombies (Ossuary)
  A jackal zombie (Ossuary)
  2 kobold zombies (Ossuary)
  An orc zombie (Ossuary)
32 creatures vanquished.

Vanquished Creatures (others)
  A yak (D:8)
  An adder (D:6)
  A gnoll zombie (Ossuary)
3 creatures vanquished.

Grand Total: 284 creatures vanquished

Notes
Turn   | Place    | Note
-------+----------+-------------------------------------------
     0 | D:1      | tizbic2 the Formicid Fighter began the quest for the Orb.
     0 | D:1      | Reached XP level 1. HP: 18/18 MP: 1/1
    58 | D:1      | Found a faded altar of an unknown god.
    95 | D:1      | Reached XP level 2. HP: 23/24 MP: 2/2
   505 | D:1      | Reached XP level 3. HP: 29/29 MP: 3/3
   898 | D:2      | Reached XP level 4. HP: 35/35 MP: 4/4
  1210 | D:3      | Reached skill level 5 in Shields
  1237 | D:3      | Reached XP level 5. HP: 28/42 MP: 5/5
  1543 | D:3      | Reached skill level 1 in Spellcasting
  1682 | D:3      | Reached XP level 6. HP: 3/48 MP: 8/8
  1682 | D:3      | HP: 2/48 [orc/+0 flail (2)]
  1870 | D:3      | Found a burning altar of Makhleb.
  1871 | D:3      | Noticed a balrug
  1875 | D:3      | Noticed a neqoxec
  1875 | D:3      | Noticed a ynoxinul
  1993 | D:3      | Found a sacrificial altar of Ru.
  1993 | D:3      | Found a hazy altar of Hepliaklqana.
  1994 | D:3      | Found an ancient bone altar of Kikubaaqudgha.
  1997 | D:3      | Found an ornate altar of the Wu Jian Council.
  2007 | D:3      | Became a worshipper of Ru the Awakened
  2298 | D:4      | Found an opulent altar of Gozag.
  2504 | D:4      | Found a staircase to the Ecumenical Temple.
  2512 | Temple   | Entered the Ecumenical Temple
  2581 | D:4      | Reached skill level 1 in Summonings
  2807 | D:4      | Reached skill level 1 in Hexes
  2807 | D:4      | Reached XP level 7. HP: 49/55 MP: 10/10
  2926 | D:5      | Entered Level 5 of the Dungeon
  2933 | D:5      | Reached skill level 6 in Shields
  3695 | D:5      | Gained mutation: You cannot study or use magical devices.
                  | [Ru sacrifice]
  3695 | D:5      | Reached * piety under Ru
  3695 | D:5      | Reached ** piety under Ru
  3719 | D:5      | Reached XP level 8. HP: 37/61 MP: 3/13
  4040 | D:6      | Found a glowing drain.
  4066 | Sewer    | Entered a sewer
  4641 | Sewer    | Reached skill level 5 in Fighting
  5100 | D:6      | Reached skill level 1 in Throwing
  5100 | D:6      | Reached skill level 7 in Shields
  5100 | D:6      | Reached XP level 9. HP: 67/68 MP: 15/15
  5113 | D:6      | Learned a level 2 spell: Call Imp
  5329 | D:7      | Reached skill level 5 in Spellcasting
  5406 | D:7      | Found Nynehais's Book Shop.
  5530 | D:7      | Reached skill level 5 in Summonings
  5790 | D:7      | Gained mutation: You cannot be stealthy. [Ru sacrifice]
  5790 | D:7      | Reached *** piety under Ru
  5901 | D:7      | Found a sand-covered staircase.
  5906 | Ossuary  | Entered an ossuary
  6632 | D:7      | Reached XP level 10. HP: 31/66 MP: 8/19
  6923 | D:8      | Learned a level 2 spell: Ensorcelled Hibernation
  6929 | D:8      | Learned a level 5 spell: Summon Mana Viper
  6962 | D:8      | Reached skill level 8 in Shields
  7034 | D:8      | Reached skill level 5 in Hexes
  7155 | D:8      | Found a blossoming altar of Fedhas.
  7157 | D:8      | Found a stormy altar of Qazlal.
  7350 | D:8      | Found a sparkling altar of Nemelex Xobeh.
  7757 | D:9      | Noticed Harold
  7769 | D:9      | Killed Harold
  7770 | D:9      | Reached skill level 1 in Long Blades
  8042 | D:9      | Gained mutation: You cannot study or cast Air magic. [Ru
                  | sacrifice]
  8042 | D:9      | Gained mutation: You cannot study or cast Alchemy magic.
                  | [Ru sacrifice]
  8042 | D:9      | Gained mutation: You cannot study or cast Conjurations
                  | magic. [Ru sacrifice]
  8042 | D:9      | Reached **** piety under Ru
  8298 | D:9      | Found a transporter.
  8299 | D:9      | Found a transporter.
  8305 | D:9      | Noticed a boulder beetle
  8334 | D:9      | Killed a boulder beetle
  8335 | D:9      | Reached skill level 1 in Polearms
  8335 | D:9      | Reached XP level 11. HP: 84/84 MP: 15/22
  8471 | D:9      | Found a snail-covered altar of Cheibriados.
  8511 | D:9      | Found a staircase to the Lair.
  8675 | D:9      | Reached skill level 9 in Shields
  8726 | D:10     | Entered Level 10 of the Dungeon
  8738 | D:10     | Noticed Lodul
  8771 | D:10     | Killed Lodul
  8880 | D:10     | Learned a level 6 spell: Summon Cactus Giant
  8919 | D:10     | Slain by a nameless horror

Illustrated notes

Levels and vault maps discovered:
D:1:      dpeg_arrival_simpleton_b, layout_basic,
          dreamdust_ecumenical_altar_drowned_temple
D:2:      layout_loops_ring, grunt_ministairs_15, uniq_robin
D:3:      minmay_evil_eye, layout_basic, makhleb_altar_promises_db, minitemple
D:4:      layout_loops_corners, minmay_temple_entry_gardened_gates,
          minmay_misc_feat_rows, minmay_misc_feat_room, minmay_ruined_shrine
D:5:      layout_gridville, kennysheep_generic_room_16
D:6:      layout_basic, mainiacjoe_sewer_entry_somewhere_in_here_2,
          hangedman_decor_clover_reticule
D:7:      layout_gridville, serial_shops, nicolae_shop_tiny_statue_garden,
          enter_ossuary_2, serial_library_hellmonk_statue_hall,
          minmay_gold_behind_fungi
D:8:      layout_loops_ring, grunt_temple_overflow_forces_of_nature,
          nemelex_xobeh_ov_fountains_minmay
D:9:      gammafunk_boulding_lane, layout_gridville, kennysheep_mini,
          lair_entry_dummy, uniq_harold
D:10:     layout_basic, lemuel_blue_sif_altar, orc_0_dummy, uniq_lodul
Temple:   minmay_temple_forest_path

Skill      XL: |  1  2  3  4  5  6  7  8  9 10 11 |
---------------+----------------------------------+-----
Staves         | 3 4 |  4.3
Shields        | 5 6 7 8 9 |  9.3
Spellcasting   | 1 2 3 4 6 7 8 |  8.2
Fighting       | 4 5 6 7 |  7.5
Summonings     | 1 2 4 5 7 |  7.9
Hexes          | 1 2 3 4 5 6 |  6.4
Throwing       | 1 2 3 |  3.4
Long Blades    | 1 |  1.1
Polearms       | 1 2 |  2.5
Armour         | |  3.8

Action                     |  1- 3 |  4- 6 |  7- 9 | 10-12 || total
---------------------------+-------+-------+-------+-------++-------
  Melee: Quarterstaff      |    82 |   191 |    69 |       ||   342
         Spear             |       |       |   189 |       ||   189
         Short sword       |       |       |   319 |   145 ||   464
         Battleaxe         |       |       |     4 |     2 ||     6
         Great sword       |       |       |       |    41 ||    41
  Throw: Boomerang         |       |    11 |    33 |       ||    44
         Dart              |       |       |     2 |       ||     2
   Cast: Call Imp          |       |       |    21 |     7 ||    28
         Summon Mana Viper |       |       |       |     8 ||     8
 Invoke: Sacrifice Artific |       |       |     1 |       ||     1
         Draw Out Power    |       |       |     2 |     1 ||     3
         Sacrifice Stealth |       |       |     1 |       ||     1
         Sacrifice Arcana  |       |       |       |     1 ||     1
Ability: Dig               |       |       |     2 |     1 ||     3
    Use: Scroll            |       |     2 |     8 |     3 ||    13
         Potion            |       |     2 |     1 |     1 ||     4
   Stab: Distracted        |       |       |     2 |     3 ||     5
 Armour: Scale mail        |    27 |       |       |       ||    27
         Chain mail        |    22 |    75 |       |       ||    97
         Leather armour    |       |    56 |   411 |   135 ||   602
         Plate armour      |       |       |       |    17 ||    17
  Dodge: Dodged            |    31 |    74 |   269 |    88 ||   462
  Block: Buckler           |    19 |    51 |   192 |    53 ||   315
